Mandevil, lawful male dwarven Archeologist ################################### ------- #---------------------------------# |.....| #|...............................|# |......# #|.------------.....------------.|# |..<...### #|.|%%?|...|%%|.....| |(.(|...|.|# |......############|.|=?[|...|%%|.....+ |.(.|...|.|### |.....| ### #|(|[??|...|..|.....| |...|.. |.| # -.-..-- # #..|.. |)..|-|-.)...-----|--|---.| ### -------- # #0 ### #|.-|----|--.....................| # |......| #### # ##|.%.[.........{......{..........| ##.......| ### ######..-|-----|-....---|--...........| |......| ## # #|.|...|.q.|---.|....|.----|----..######.......| ----.------- #|.|(((|..h| |.|....|.| |....|.| |......| |..........| #|.|(((|...| +.|.(_.|.| |....|.| -------- |..........| #|.|(((|...| |.|....|.+ |....|.| |.>.........##########|.------------.------.---------.| ------------ |...............................| --------------------------------- Mandevil the Investigator Experience level: 8 Strength: 17 Dexterity: 11 Constitution: 12 Intelligence: 15 Wisdom: 14 Charisma: 12 Health: 0(63) Energy: 29(29) AC: 6 Gold: 983 Moves: 6370 Your Inventory: Coins $ - 983 gold pieces Weapons a - an uncursed +2 bullwhip e - an uncursed [+0] dwarvish mattock (weapon in hands) Armor b - an uncursed +0 leather jacket (being worn) I - an uncursed +0 pair of hard shoes [iron] (being worn) N - an uncursed +0 iron skull cap [orcish helm] (being worn) Comestibles p - 5 uncursed food rations x - 2 uncursed sprigs of wolfsbane z - an uncursed tripe ration Potions v - 2 uncursed clear potions [of water] Y - an uncursed dark green potion [of gain level] Rings l - an uncursed plain ring [of shock resistance] C - an uncursed ceramic ring [of poison resistance] D - an uncursed ceramic ring [of poison resistance] F - an uncursed coral ring [of searching] G - an uncursed coral ring [of searching] H - an uncursed ring called conflict [of conflict] Wands O - an uncursed wand of magic missile [0:3] P - an uncursed wand called teleportation [of teleportation (0:3)] V - an uncursed wand of digging [0:7] Tools f - an uncursed tinning kit (0:29) h - an uncursed sack m - a cursed [magic] lamp called lamp 1 t - an uncursed sack J - an uncursed [magic] lamp called lamp 1 M - an uncursed sack R - an uncursed towel X - an uncursed +0 pick-axe (alternate weapon; not wielded) Gems g - an uncursed touchstone Contents of the sack: 565 gold pieces 5 cursed [-1] darts an uncursed [stale] egg an uncursed food ration 2 uncursed tripe rations a cursed scroll called identify [of identify] a cursed bronze ring [of warning] a cursed [-5] clay ring [of gain dexterity] a cursed jade ring [of regeneration] a cursed [-2] wire ring [of gain wisdom] an uncursed wand called teleportation [of teleportation (0:5)] an uncursed wand of cold [0:5] an uncursed wand of create monster [0:11] an uncursed wand of digging [0:8] an uncursed wand of digging [0:6] a blessed wand of enlightenment [0:11] an uncursed wand of polymorph [0:7] a cursed wand of polymorph [0:6] a blessed wand of probing [0:2] an uncursed wand of probing [0:7] an uncursed brass lantern an uncursed [wax] candle 2 uncursed aquamarine stones an uncursed touchstone Spells known in the end: Name Level Category Fail Memory a - light 1 divination 50% [|||||||.] Your skills at the end: Fighting Skills Weapon Skills pick-axe [Skilled / Expert] sling [Basic / Skilled] whip [Basic / Expert] Spellcasting Skills Final Attributes: You were piously aligned. Hunger level was 693. Your alignment was 41 / 41. Monster difficulty range was 0 - 6. Level difficulty was 5. You resisted sleep. You resisted poison. You were telepathic. You had infravision. You were stealthy. You were fast. Your luck was zero. You are dead. Vanquished creatures: a ghost 2 giant mimics a small mimic a quivering blob a dog 2 dingos a blue jelly a snake 2 human zombies a soldier ant 3 bugbears a wood nymph 2 rock moles a fog cloud a yellow light 2 shriekers 2 violet fungi 2 gnome lords a kobold mummy a guardian naga hatchling a gray ooze 5 elf zombies a ghoul a giant ant 2 little dogs 4 floating eyes a kitten a dwarf 2 kobold lords a kobold shaman 2 centipedes 3 giant bats a monkey an orc zombie 3 dwarf zombies a werejackal 4 iguanas 6 killer bees 3 acid blobs 2 gas spores 2 manes a hobgoblin 7 cave spiders a brown mold a yellow mold 2 red molds 7 gnomes 2 garter snakes 6 gnome zombies 3 geckos 5 jackals a fox 2 kobolds 4 goblins 6 sewer rats 7 grid bugs 3 lichens 4 kobold zombies 2 newts 140 creatures vanquished. Voluntary challenges: You used a wielded weapon 271 times. You read items or engraved 219 times. You put on armor 10 times. You never genocided any monsters. You never polymorphed an object. You never changed form. You used no wishes. You wrote Elbereth's name 156 times. You encountered 1 bones level. You used 4 Sokoban shortcuts. Dungeon overview: The Dungeons of Doom: levels 1 to 6 Level 1 a fountain a long staircase Level 2 stairs to The Gnomish Mines Level 3 a general store Level 4 a fountain Level 5 many fountains Level 6 a general store, a fountain stairs to Sokoban The Gnomish Mines: levels 3 to 5 Level 3 stairs to The Dungeons of Doom Level 6 <- You were here many shops, a temple, a magic chest, some fountains Sokoban: levels 3 to 5 Level 5 a magic chest stairs to The Dungeons of Doom History has recorded: On T:1 you entered the Dungeons of Doom to retrieve the Amulet of Yendor! On T:205 you reached level 2 of The Dungeons of Doom. On T:381 you advanced to experience level 2. On T:471 you reached level 1 of The Gnomish Mines. On T:675 you advanced to experience level 3. On T:821 you reached level 2 of The Gnomish Mines. On T:838 you advanced to experience level 4. On T:1050 you advanced to experience level 5. On T:1070 you reached level 3 of The Gnomish Mines. On T:1443 you advanced to experience level 6. On T:1829 you reached level 3 of The Dungeons of Doom. On T:1981 you reached level 4 of The Dungeons of Doom. On T:2410 you reached level 5 of The Dungeons of Doom. On T:2635 you reached level 6 of The Dungeons of Doom. On T:2734 you reached level 3 of Sokoban. On T:3017 you reached level 2 of Sokoban. On T:3121 you advanced to experience level 7. On T:3685 you reached level 1 of Sokoban. On T:4924 you advanced to experience level 8. Latest messages: [HP+1=56] [HP+1=57] [HP+1=58] [2 turns] [HP+1=59] [HP+1=60] The kobold mummy hits! [HP-2=58] You destroy the kobold mummy! [HP+1=59] [HP+1=60] Something is written here in the dust. You read: "|bcrc nFlb??e h?lb r?th". The mumak butts! The mumak bites! [HP-22=38] Something is written here in the dust. You read: "_ cr? E|be c?hE ??r ?hE b???". The mumak butts! The mumak bites! [HP-23=15] [2 turns] The mumak butts! You die... The sack is empty. (2x) Final status: Goodbye Mandevil the Archeologist... You died in The Gnomish Mines on dungeon level 5 with 6548 points, and 1548 pieces of gold, after 6370 moves. You were level 8 with a maximum of 63 hit points when you died.